 Dungeon Crawl Stone Soup version 0.30.1-3-gfc49f6343a (webtiles) character file.

Game seed: 8474876013912795470

38 javelincjr the Trooper (level 3, -3/29 HPs)
             Began as a Demonspawn Fighter on July 20, 2023.
             Slain by a worm (7 damage)
             ... on level 2 of the Dungeon.
             The game lasted 00:01:27 (602 turns).

javelincjr the Trooper (Demonspawn Fighter)          Turns: 602, Time: 00:01:28

Health: -3/29      AC:  9    Str: 18    XL:     3   Next: 25%
Magic:  3/3        EV:  7    Int:  9    God:
Gold:   51         SH:  4    Dex: 12    Spells: 2/2 levels left

rFire   . . .        a - +0 trident
rCold   . . .        c - +0 buckler
rNeg    . . .        f - +0 chain mail
rPois   .            (no helmet)
rElec   .            (no cloak)
rCorr   .            (no gloves)
SInv    .            (no boots)
Will    .....        (no amulet) Stlth
                     (no ring)
HPRegen 0.24/turn    (no ring)
MPRegen 0.08/turn

%: no passive effects
@: no status effects
A: powered by pain 1
a: no special abilities


You were on level 2 of the Dungeon.
You visited 1 branch of the dungeon, and saw 2 of its levels.

You collected 51 gold pieces.

Inventory:

Hand Weapons
 a - a +0 trident (weapon)
Armour
 b - a +0 scale mail
 c - a +0 buckler (worn)
 f - a +0 chain mail (worn)
Scrolls
 h - a scroll of enchant weapon {unknown}
 j - a scroll of amnesia {unknown}
 k - a scroll of teleportation {unknown}
Potions
 d - a potion of might
 e - a potion of cancellation {unknown}
 g - a potion of heal wounds {unknown}
 i - a potion of curing {unknown}
 l - a potion of degeneration {unknown}


   Skills:
 + Level 3.3 Fighting
 + Level 2.2 Polearms
 + Level 3.0 Armour
 + Level 3.0 Shields


You had 2 spell levels left.
You didn't know any spells.
Your spell library was empty.

Dungeon Overview and Level Annotations

Branches:
Dungeon (2/15)

Altars:


Innate Abilities, Weirdness & Mutations

You sometimes gain a little power by taking damage.


Message History

The adder is almost dead.
You feel sick.
The adder bites you. x2; The worm bites you.
You are too injured to fight recklessly!
You are too injured to fight recklessly!
You are too injured to fight recklessly!
You are too injured to fight recklessly!
Unknown command.
You are too injured to fight recklessly!
You are too injured to fight recklessly!
Unknown command.
You are too injured to fight recklessly!
You are too injured to fight recklessly!
You are too injured to fight recklessly!
Unknown command.
You are too injured to fight recklessly!
You miss the adder.
The adder is almost dead.
You feel sick.
You are no longer poisoned.
The adder bites you but does no damage. The adder barely misses you.
You barely miss the adder.
The adder is almost dead.
The adder bites you but does no damage. You block the worm's attack.
You closely miss the adder.
The adder is almost dead.
The adder barely misses you. You block the adder's attack. The worm bites you.
* * * LOW HITPOINT WARNING * * *
You hit the adder.
You kill the adder!
You block the worm's attack.
You hit the worm.
The worm is moderately wounded.
You puncture the worm!
The worm is severely wounded.
The worm bites you.
* * * LOW HITPOINT WARNING * * *
You hit the worm.
The worm is severely wounded.
The worm bites you!
You die...

.. ...# ... ##...## ...
...... ..
..###<...###..
####.............
.................
.......w.......#
#@.......# ..
#.|......### ...
#....###..........#
....#.................#
...#....###.#........#
#....###.†..........#
#....#.....#...)..###
#....#.#.#.....†.....#
#
#...<#......#........#


You could see a worm.

Vanquished Creatures
  An adder (D:2)
  A dart slug (D:1)
  2 bats (D:1)
  2 endoplasms (D:1)
  A giant cockroach (D:1)
  3 goblins (D:1)
  3 hobgoblins (D:1)
  2 jackals (D:1)
  2 kobolds
  A quokka (D:1)
  3 ball pythons
  A rat (D:1)
22 creatures vanquished.

Notes
Turn   | Place    | Note
-------+----------+-------------------------------------------
     0 | D:1      | javelincjr the Demonspawn Fighter began the quest for the
                  | Orb.
     0 | D:1      | Reached XP level 1. HP: 18/18 MP: 1/1
   118 | D:1      | Gained mutation: You sometimes gain a little power by
                  | taking damage. [demonic ancestry]
   118 | D:1      | Reached XP level 2. HP: 20/24 MP: 2/2
   572 | D:2      | Reached XP level 3. HP: 27/29 MP: 3/3
   602 | D:2      | Slain by a worm

Illustrated notes

Levels and vault maps discovered:
D:1:      mainiacjoe_arrival_reflecting_pool, layout_rooms
D:2:      layout_basic, minmay_randomly_rotated_circles

Skill      XL: |  1  2 |
---------------+-------+-----
Polearms       | 2 |  2.2
Armour         | 3 |  3.0
Shields        | 3 |  3.0
Fighting       | |  3.3

Action                     || total
---------------------------++-------
  Melee: Trident           ||    71
 Armour: Chain mail        ||    32
  Dodge: Dodged            ||    26
  Block: Buckler           ||    19
